 Dungeon Crawl Stone Soup version 0.13-a0-3016-gcb2faac (webtiles) character file.

4058 PolkaDot the Cloud Mage (level 9, -3/55 HPs)
             Began as a Vampire Wizard on Sept 13, 2013.
             Was an Elder of Vehumet.
             Slain by a warg (9 damage)
             ... on Level 7 of the Dungeon.
             The game lasted 00:58:24 (9626 turns).

PolkaDot the Cloud Mage (Vampire Wizard)            Turns: 9626, Time: 00:58:24

HP  -3/55        AC  0     Str  1      XL: 9   Next: 94%
MP  14/22        EV 20     Int 23      God: Vehumet [****..]
Gold 299         SH  0     Dex 17      Spells:  5 memorised,  6 levels left

Res.Fire  : . . .   See Invis. : +   g - melded +1 glaive
Res.Cold  : . . .   Warding    : .   o - melded +0 robe {rC+}
Life Prot.: + . .   Conserve   : .   (shield currently unavailable)
Res.Poison: .       Res.Corr.  : .   b - melded +0 wizard hat
Res.Elec. : .       Clarity    : .   e - melded +2 cloak
Sust.Abil.: . .     Spirit.Shd : .   (gloves currently unavailable)
Res.Mut.  : .       Stasis     : .   (boots currently unavailable)
Res.Rott. : .       Flight     : +   (no amulet)
Saprovore : . . .                    y - melded ring of wizardry
                                     w - melded +5 ring of evasion

@: bat-form, confused, flying, very slightly contaminated, hasted, very quick,
somewhat resistant to hostile enchantments, unstealthy
A: bottle blood, (fangs 0), see invisible, (unbreathing)
a: Bottle Blood, End Transformation, Renounce Religion


You were on level 7 of the Dungeon.
You worshipped Vehumet.
Vehumet was extremely pleased with you.
You were not thirsty.
You were in vampire bat-form.
You visited 2 branches of the dungeon, and saw 8 of its levels.

You collected 279 gold pieces.

Inventory:

Hand weapons
 g - a +1,+1 glaive (melded)
 n - a +2,+0 whip of electrocution
Armour
 b - a +0 wizard hat (melded)
 e - a +2 cloak (melded)
 o - a +0 robe of cold resistance (melded)
Magical devices
 k - a wand of fireball (5) {unknown}
 x - a wand of paralysis (7)
 B - a wand of digging (13)
Scrolls
 i - 2 scrolls of remove curse {unknown}
 m - 4 scrolls of identify
 q - a scroll of fog
 v - a scroll of enchant weapon I
Jewellery
 h - an uncursed ring of protection from magic
 w - a +5 ring of evasion (melded)
 y - a ring of wizardry (melded)
Potions
 u - a potion of restore abilities
Books
 c - a book of Minor Magic

   Spells                             Type                      Level
   *Magic Dart                        Conjuration                  1
   Blink                              Translocation                2
   Call Imp                           Summoning                    2
   Repel Missiles                     Charms/Air                   2
   Slow                               Hexes                        2
   *Conjure Flame                     Conjuration/Fire             3
   *Mephitic Cloud                    Conjuration/Poison/Air       3


   Skills:
 - Level 2.1 Dodging
 - Level 3.0 Stealth
 + Level 5.7 Spellcasting
 - Level 5.1 Conjurations
   Level 1.0 Summonings
   Level 0.7 Translocations
 + Level 6.4 Fire Magic
 * Level 8.2 Air Magic


You had 6 spell levels left.
You knew the following spells:

 Your Spells              Type           Power        Failure   Level  Hunger
a - Magic Dart            Conj           ####         1%          1    None
d - Mephitic Cloud        Conj/Pois/Air  ####....     4%          3    ##.....
s - Conjure Flame         Conj/Fire      ####....     2%          3    ##.....
x - Airstrike             Air            #####.....   3%          4    ###....
z - Throw Flame           Conj/Fire      ####..       1%          2    None


Dungeon Overview and Level Annotations

Branches:
Dungeon (7/27)             Temple (1/1) D:4             Orc (0/4) D:6

Altars:
Ashenzari
Cheibriados
Elyvilon
Fedhas
Kikubaaqudgha
Makhleb
Nemelex Xobeh
Okawaru
Sif Muna
Trog
Vehumet
Yredelemnul
Zin
the Shining One

Shops:
D:5 }   D:6 (

Annotations:
D:7 Duvessa; kchris' ghost, experienced DDFi


Innate Abilities, Weirdness & Mutations

You can bottle blood from corpses.
((You have razor-sharp teeth.))*
You have supernaturally acute eyesight.
((You can survive without breathing.))*


Message History

* * * LOW HITPOINT WARNING * * *
The warg barely misses you. The warg closely misses you. The warg misses you.
The warg bites the plant but does no damage.
The warg claws the plant but does no damage.
The warg claws the plant.
You are too confused!
You are too confused!
You are too confused!
You are too confused!
You are too confused!
The warg misses you. The warg barely misses you.
The warg completely misses you. The warg bites you.
* * * LOW HITPOINT WARNING * * *
The warg claws you.
* * * LOW HITPOINT WARNING * * *
The warg barely misses you.
The warg bites the plant but does no damage.
The warg claws the plant but does no damage.
The warg bites you!
You die...

+************+***,,,,*,*,≈≈≈,,,,,
,,,,,,**,,,,,,,,+,,,.*+*##≈≈*****
***********#########'#,o.#≈ *
,,,,,,,,,,.........o.#,.o*≈≈#
≈≈≈≈≈≈≈≈≈≈≈≈≈≈≈≈≈≈≈≈≈#####≈≈#
≈≈≈≈≈≈≈ ≈≈≈≈≈≈≈≈h≈≈≈≈§≈≈≈≈≈≈#
≈≈≈≈≈≈≈≈≈≈≈≈≈≈≈≈≈≈≈≈§§§≈≈≈≈≈#
,,,,,,, .....Phhhh...§§§...P#
,,,,,,,,......hPbh..........#
********#####################


You could see an orc knight and 7 wargs.

Vanquished Creatures
  A hill giant (D:6)
  Pikel (D:7)
  A hill giant zombie (D:6)
  An orc warrior (D:6)
  A sky beast (D:5)
  3 ice beasts
  4 phantoms
  2 slaves (D:7)
  A centaur (D:6)
  An ogre (D:6)
  2 wargs (D:7)
  Blork the orc (D:5)
  A giant frog (D:6)
  2 troll zombies (D:6)
  A hound (D:6)
  Dowan (D:7)
  A giant frog zombie (D:5)
  3 jellies (D:5)
  Crazy Yiuf (D:6)
  5 crimson imps
  A giant frog skeleton (D:6)
  4 orc priests (D:6)
  4 worker ants (D:6)
  A gnoll shaman (D:4)
  An iguana (D:6)
  9 orc wizards
  A scorpion (D:4)
  6 ogre zombies (D:6)
  A hound skeleton (D:5)
  6 gnolls
  10 adders
  A giant mite (D:2)
  4 worms
  An ooze (D:2)
  31 orcs
  19 bats
  8 giant cockroaches
  12 hobgoblins
  12 kobolds
  3 quokkas
  A ball python (D:6)
  6 giant geckos
  A giant gecko skeleton (D:6)
  6 giant newts
  8 goblins
  A goblin skeleton (D:6)
  4 goblin zombies (D:6)
  A hobgoblin skeleton (D:6)
  2 hobgoblin zombies (D:6)
  14 jackals
  3 orc skeletons (D:6)
  14 orc zombies (D:6)
  18 rats
248 creatures vanquished.

Vanquished Creatures (others)
  A rotting devil (D:7)
  A hound (D:7)
2 creatures vanquished.

Grand Total: 250 creatures vanquished

Notes
Turn   | Place    | Note
--------------------------------------------------------------
     0 | D:1      | PolkaDot, the Vampire Wizard, began the quest for the Orb.
     0 | D:1      | Reached XP level 1. HP: 11/11 MP: 6/6
    63 | D:1      | Reached skill level 1 in Conjurations
   174 | D:1      | Reached XP level 2. HP: 17/17 MP: 0/8
  1085 | D:2      | Reached XP level 3. HP: 22/22 MP: 6/10
  1512 | D:2      | Reached XP level 4. HP: 28/28 MP: 8/12
  2345 | D:3      | Reached XP level 5. HP: 33/33 MP: 10/13
  2949 | D:3      | Learned a level 3 spell: Conjure Flame
  2953 | D:3      | Learned a level 3 spell: Mephitic Cloud
  3064 | D:3      | Reached skill level 4 in Conjurations
  3602 | D:4      | Found a staircase to the Ecumenical Temple.
  3607 | Temple   | Entered the Ecumenical Temple
  3842 | Temple   | Became a worshipper of Vehumet
  3997 | D:4      | Noticed a phantom
  4085 | D:4      | Killed a phantom
  4085 | D:4      | Reached skill level 1 in Air Magic
  4085 | D:4      | Reached XP level 6. HP: 39/39 MP: 10/15
  4203 | D:4      | Reached skill level 1 in Fire Magic
  4574 | D:4      | Acquired Vehumet's first power
  4574 | D:4      | Offered knowledge of Flame Tongue by Vehumet.
  5047 | D:5      | Entered Level 5 of the Dungeon
  5136 | D:5      | Noticed Blork the orc
  5147 | D:5      | Killed Blork the orc
  5147 | D:5      | Reached XP level 7. HP: 44/44 MP: 1/17
  5271 | D:5      | Reached skill level 5 in Conjurations
  5749 | D:5      | Found Jel Jouma's Gadget Emporium.
  5802 | D:5      | Offered knowledge of Shock by Vehumet.
  6087 | D:6      | Noticed a hill giant
  6272 | D:5      | Reached XP level 8. HP: 50/50 MP: 5/19
  6418 | D:6      | Found Smuntad's Weapon Shop.
  6663 | D:5      | Paralysed by a potion of paralysis for 6 turns
  6688 | D:6      | Killed a hill giant
  6688 | D:6      | Reached skill level 5 in Air Magic
  6976 | D:6      | Reached skill level 5 in Fire Magic
  7031 | D:6      | Offered knowledge of Throw Flame by Vehumet.
  7035 | D:6      | Learned a level 2 spell: Throw Flame
  7190 | D:6      | Reached skill level 6 in Air Magic
  7190 | D:6      | Reached XP level 9. HP: 17/55 MP: 9/21
  7331 | D:6      | Acquired Vehumet's second power
  7651 | D:6      | Offered knowledge of Airstrike by Vehumet.
  7661 | D:6      | Learned a level 4 spell: Airstrike
  7750 | D:6      | Found a staircase to the Orcish Mines.
  7960 | D:6      | Acquired Vehumet's third power
  8241 | D:6      | Offered knowledge of Sticky Flame by Vehumet.
  8246 | D:6      | Reached skill level 5 in Spellcasting
  8424 | D:6      | Reached skill level 7 in Air Magic
  8727 | D:6      | Noticed Crazy Yiuf
  8732 | D:6      | Killed Crazy Yiuf
  8939 | D:7      | Noticed an orange demon
  8940 | D:7      | Noticed an orange demon
  9122 | D:7      | Noticed kchris' ghost (experienced DDFi)
  9175 | D:7      | Noticed Dowan
  9176 | D:7      | Noticed Duvessa
  9199 | D:7      | Killed Dowan
  9429 | D:7      | Noticed Pikel
  9448 | D:7      | Killed Pikel
  9448 | D:7      | Reached skill level 8 in Air Magic
  9622 | D:7      | Noticed an orc knight
  9626 | D:7      | Slain by a warg

Action                   |  1- 3 |  4- 6 |  7- 9 || total
-------------------------+-------+-------+-------++-------
Melee: Dagger            |     5 |       |       ||     5
       Unarmed           |     4 |       |     3 ||     7
       Whip              |     4 |    35 |    31 ||    70
       Glaive            |       |       |   105 ||   105
 Cast: Magic Dart        |    98 |   243 |   244 ||   585
       Mephitic Cloud    |       |     5 |    19 ||    24
       Conjure Flame     |       |     1 |    30 ||    31
       Throw Flame       |       |       |    39 ||    39
       Airstrike         |       |       |    38 ||    38
 Abil: Bat Form          |       |       |     2 ||     2
       End Transformatio |       |       |     1 ||     1
Evoke: Wand              |       |     1 |       ||     1
  Use: Potion            |       |     1 |    12 ||    13
       Scroll            |       |       |    13 ||    13
 Stab: Confused          |       |     2 |     7 ||     9
